Map: King's Cove LE

Players

PiLiPiLi

  • Race: Protoss Protoss
  • League: Master
  • Spawn Location: 5:00

Epic - Winner!

  • Race: Terran Terran
  • League: Grandmaster
  • Spawn Location: 11:00

Event: 2019 WCS Winter Americas

VOD

Have the link to the VOD?

Description

Time

  • Played on: Feb. 1, 2019, 2:07 p.m.
  • Length: 9:01

All games in this series

Show
View Real Time Build Order
Export as new Build Order

PiLiPiLi Protoss 

Build Orders: 1 Gate Expand, Oracle Opening 

Get SALT Encoding   

  12  0:01  Probe  
  13  0:13  Probe  
  14  0:18  Pylon  
  14  0:25  Probe  
  15  0:33  Probe  
  15  0:38  Gateway  
  15  0:41  Probe  
  16  0:48  Assimilator  
  17  0:51  Probe  
  18  1:05  Probe  
  19  1:21  Nexus  
  19  1:24  Probe  
  20  1:34  Cybernetics Core  
  20  1:38  Probe  
  21  1:44  Assimilator  
  21  1:50  Probe  
  22  1:55  Pylon  
  22  2:02  Probe  
  22  2:03  Adept  
  23  2:14  Probe  
  26  2:20  Warp Gate  
  26  2:22  Stargate  
  26  2:26  Probe  
  27  2:33  Probe  
  27  2:36  Probe  
  27  2:39  Adept  
  30  2:44  Probe  
  30  2:45  Probe  
  32  2:52  Probe  
  32  2:57  Probe  
  34  3:03  Oracle  
  34  3:12  Adept  
  35  3:13  Probe  
  38  3:20  Probe  
  38  3:25  Probe  
  40  3:27  Gateway  
  40  3:29  Gateway  
  40  3:32  Probe  
  41  3:36  Pylon  
  41  3:37  Oracle  
  41  3:38  Probe  
  42  3:44  Probe  
  43  3:54  Probe  
  47  3:56  Probe, Pylon  
  48  4:06  Oracle, Probe  
  48  4:08  Probe  
  53  4:18  Probe  
  53  4:21  Probe  
  53  4:22  Assimilator  
  53  4:24  Adept x3  
  59  4:28  Pylon  
  59  4:31  Probe  
  62  4:34  Pylon  
  62  4:37  Assimilator  
  62  4:46  Probe x2  
  64  4:54  Stalker x2  
  64  4:55  Stalker  
  64  4:59  Probe x2  
  72  5:08  Phoenix  
  72  5:11  Probe x2  
  75  5:14  Pylon  
  65  5:35  Oracle  
  65  5:42  Probe  
  64  5:48  Stalker x2  
  64  5:49  Stalker  
  70  5:54  Forge  
  69  5:57  Probe, Twilight Council  
  69  6:03  Oracle  
  69  6:04  Blink  
  69  6:09  Nexus  
  69  6:11  Protoss Ground Weapons Level 1, Pylon  
  69  6:12  Probe  
  65  6:28  Probe  
  65  6:29  Stalker x3  
  72  6:33  Probe  
  71  6:53  Gateway x2  
  71  6:55  Sentry  
  71  6:56  Sentry, Probe, Gateway  
  71  6:57  Probe  
  71  7:01  Gateway x2  
  77  7:02  Pylon  
  77  7:14  Stalker  
  77  7:15  Probe x2  
  81  7:18  Pylon  
  81  7:19  Robotics Facility  
  81  7:24  Probe  
  81  7:26  Shield Battery  
  81  7:27  Probe x2  
  84  7:35  Stalker x2  
  88  7:45  Stalker  
  90  7:57  Warp Prism  
  90  8:01  Stalker x4  
  90  8:02  Zealot x2  
  90  8:03  Zealot  
  104  8:07  Probe x2  
  100  8:22  Stalker x2  
  96  8:29  Stalker  
  96  8:30  Zealot x5  
  84  8:46  Stalker x2  
Show
View Real Time Build Order
Export as new Build Order

Epic Terran - Winner!

Build Orders: Gas First Reaper Expand 

Get SALT Encoding   

  12  0:00  SCV  
  13  0:12  SCV  
  14  0:18  Supply Depot  
  14  0:24  SCV  
  15  0:29  Refinery  
  15  0:39  SCV  
  16  0:46  Barracks  
  16  0:51  SCV  
  17  1:04  SCV  
  18  1:16  SCV  
  19  1:32  Orbital Command  
  19  1:33  Reaper  
  20  1:47  Command Center  
  20  1:59  Factory  
  20  2:02  SCV  
  20  2:07  Barracks Reactor  
  21  2:14  SCV  
  22  2:21  Refinery  
  22  2:26  SCV, Supply Depot  
  23  2:46  Starport  
  23  2:47  Marine x2  
  23  2:48  SCV, Hellion  
  28  3:00  SCV  
  28  3:01  Orbital Command  
  29  3:05  Marine x2  
  29  3:11  Factory Tech Lab  
  31  3:13  SCV  
  32  3:24  Marine x2  
  32  3:26  SCV  
  34  3:27  SCV  
  34  3:32  Raven  
  37  3:35  Factory Tech Lab  
  37  3:38  SCV  
  37  3:39  SCV  
  39  3:42  Marine x2  
  39  3:50  Supply Depot  
  39  3:51  SCV x2  
  39  3:53  Bunker  
  41  3:57  Cyclone  
  41  4:00  Marine  
  41  4:01  Marine  
  46  4:12  SCV x2  
  46  4:16  Supply Depot  
  48  4:24  SCV x2  
  48  4:25  Stimpack  
  48  4:30  Command Center  
  50  4:36  SCV x2  
  52  4:40  Barracks  
  52  4:43  Barracks  
  52  4:48  SCV  
  52  4:49  SCV  
  52  4:52  Engineering Bay  
  54  4:54  Starport Reactor, Factory Reactor  
  54  4:58  Refinery  
  54  5:01  SCV x2  
  56  5:12  Refinery  
  56  5:13  SCV x2  
  58  5:15  Barracks  
  58  5:17  Barracks  
  58  5:18  Terran Infantry Weapons Level 1  
  57  5:29  SCV x2  
  52  5:35  Marine x2  
  52  5:36  Marauder, Marine  
  55  5:43  Orbital Command  
  55  5:45  SCV x2  
  56  5:51  Widow Mine  
  56  5:52  Widow Mine  
  60  5:57  SCV x2  
  60  6:01  Medivac x2  
  64  6:10  Missile Turret  
  64  6:12  Barracks Reactor, Barracks Tech Lab  
  64  6:13  Widow Mine x2  
  63  6:27  Marauder  
  63  6:28  Marauder, Marine x2  
  63  6:32  Combat Shield, Concussive Shells  
  68  6:36  SCV x2  
  68  6:37  SCV  
  71  6:40  Supply Depot  
  71  6:46  Marauder, Marine x2  
  73  6:49  Marauder  
  73  6:51  SCV  
  77  6:56  Supply Depot x2  
  77  7:00  Supply Depot  
  76  7:02  Widow Mine  
  76  7:04  Supply Depot  
  78  7:10  Missile Turret  
  78  7:15  Marauder x3, Marine  
  84  7:18  Marine x2  
  84  7:19  Marine  
  90  7:30  Medivac x2  
  90  7:36  Widow Mine x2  
  96  7:38  Supply Depot  
  96  7:43  Marine x4  
  102  7:45  Marauder  
  102  7:47  Marauder  
  102  7:50  Marauder  
  105  8:03  Marine x2  
  107  8:07  Marauder  
  107  8:09  Marauder  
  107  8:11  Marauder, Widow Mine x2  
  116  8:14  Medivac  
  111  8:23  Orbital Command  
  111  8:24  Marine x4  
  107  8:34  Widow Mine  
  107  8:35  Widow Mine  
  103  8:41  Marine  
  103  8:42  Marine  
Tags
 
Add a new tag
Caveats
  • Supply blocks, unpowered buildings, or Contaminate may cause inaccurate times.
  • Supply counts are checked every 10 seconds.